| TOP OF THE 1ST |
|
New Hampshire Fisher Cats batting - Pitching for Montgomery Biscuits : RHP Greg Spaulding
|
|
Pitching: RHP Greg Spaulding
|
|
|
Batting: RHB Tokuji Kawabata
|
0-0: Called Strike 0-1: Foul Ball, location: 2F 0-2: Ball 1-2: Ball 2-2: Ball 3-2: Strikes out looking
|
|
Batting: RHB Stephen Casteel
|
0-0: Ground out U3 (Groundball, 3, EV 97.5 MPH)
|
|
Batting: RHB Chris Pounds
|
0-0: Foul Ball, location: 2F 0-1: Called Strike 0-2: Ball 1-2: Foul Ball, location: 2F 1-2: Ball 2-2: Ball 3-2: Base on Balls
|
|
Batting: LHB Gabe Pace
|
0-0: Ball 1-0: Swinging Strike 1-1: Swinging Strike 1-2: Ball 2-2: Ground out 4-3 (Groundball, 4, EV 103.1 MPH)
|
| Top of the 1st over - 0 runs, 0 hits, 0 errors, 1 left on base; New Hampshire 0 - Montgomery 0 |
| BOTTOM OF THE 1ST |
|
Montgomery Biscuits batting - Pitching for New Hampshire Fisher Cats : RHP Robby Granados
|
|
Pitching: RHP Robby Granados
|
|
|
Batting: RHB Adam Turpin
|
0-0: Ball 1-0: SINGLE (Groundball, 56, EV 106.9 MPH) (infield hit)
|
|
Batting: LHB Mario Ocana
|
0-0: Called Strike 0-1: Foul Ball, location: 2F 0-2: Ball 1-2: Foul Ball, location: 2F 1-2: Foul Ball, location: 2F 1-2: Strikes out swinging
|
|
Batting: SHB Wayne Hattan
|
0-0: Ball Wild Pitch! Adam Turpin to second 1-0: Ball 2-0: Called Strike 2-1: Foul Ball, location: 2F 2-2: Ball 3-2: SINGLE (Groundball, 4D, EV 96.2 MPH) Adam Turpin to third
|
|
Batting: RHB Alex Zamora
|
0-0: Called Strike 0-1: Swinging Strike 0-2: Ball 1-2: Strikes out swinging
|
|
Batting: RHB Dan Marks
|
0-0: Ball 1-0: SINGLE (Groundball, 4MS, EV 63.1 MPH) (infield hit) Adam Turpin scores Wayne Hattan to second
|
|
Batting: RHB Dave Galloway
|
0-0: Fly out, F9 (Flyball, 9D, EV 110.0 MPH)
|
| Bottom of the 1st over - 1 run, 3 hits, 0 errors, 2 left on base; New Hampshire 0 - Montgomery 1 |
| TOP OF THE 2ND |
|
New Hampshire Fisher Cats batting - Pitching for Montgomery Biscuits : RHP Greg Spaulding
|
|
Batting: SHB Bryan Johnston
|
0-0: Called Strike 0-1: Called Strike 0-2: Ball 1-2: Foul Ball, location: 2F 1-2: Foul Ball, location: 2F 1-2: Foul Ball, location: 2F 1-2: Ball 2-2: Ball 3-2: Fly out, F8 (Flyball, 8RM, EV 84.4 MPH)
|
|
Batting: RHB Chris Martin
|
0-0: Foul Ball, location: 2F 0-1: Called Strike 0-2: Ball 1-2: Fly out, F7 (Flyball, 78S, EV 86.9 MPH)
|
|
Batting: RHB Marcos Villalobos
|
0-0: Foul Ball, location: 2F 0-1: Fly out, F8 (Flyball, 89M, EV 88.8 MPH)
|
| Top of the 2nd over - 0 runs, 0 hits, 0 errors, 0 left on base; New Hampshire 0 - Montgomery 1 |
| BOTTOM OF THE 2ND |
|
Montgomery Biscuits batting - Pitching for New Hampshire Fisher Cats : RHP Robby Granados
|
|
Batting: RHB Khalil Walker
|
0-0: Ball 1-0: Ground out 6-3 (Groundball, 6, EV 101.9 MPH)
|
|
Batting: RHB Isaiah Easter
|
0-0: Foul Ball, location: 2F 0-1: Called Strike 0-2: Foul Ball, location: 2F 0-2: SINGLE (Line Drive, 8RS, EV 109.4 MPH)
|
|
Batting: LHB Alex Genao
|
0-0: Called Strike 0-1: Foul Ball, location: 2F 0-2: Fielders Choice at 2nd, 1-6 (Groundball, 13S, EV 66.2 MPH)
|
|
Batting: RHB Adam Turpin
|
0-0: Foul Ball, location: 2F 0-1: Called Strike 0-2: Ball 1-2: Foul Ball, location: 2F 1-2: Fly out, F7 (Line Drive, 7, EV 93.8 MPH)
|
| Bottom of the 2nd over - 0 runs, 1 hit, 0 errors, 1 left on base; New Hampshire 0 - Montgomery 1 |
| TOP OF THE 3RD |
|
New Hampshire Fisher Cats batting - Pitching for Montgomery Biscuits : RHP Greg Spaulding
|
|
Batting: LHB Kurt Estep
|
0-0: Ground out 4-3 (Groundball, 34D, EV 107.5 MPH)
|
|
Batting: RHB Justin Powell
|
0-0: Called Strike 0-1: Ball 1-1: Foul Ball, location: 2F 1-2: Foul Ball, location: 2F 1-2: Fly out, F7 (Flyball, 7D, EV 76.2 MPH)
|
|
Batting: RHB Tokuji Kawabata
|
0-0: Ball 1-0: SINGLE (Groundball, 56D, EV 102.5 MPH)
|
|
Batting: RHB Stephen Casteel
|
0-0: Ground out 1-3 (Groundball, 34S, EV 65.6 MPH)
|
| Top of the 3rd over - 0 runs, 1 hit, 0 errors, 1 left on base; New Hampshire 0 - Montgomery 1 |
| BOTTOM OF THE 3RD |
|
Montgomery Biscuits batting - Pitching for New Hampshire Fisher Cats : RHP Robby Granados
|
|
Batting: LHB Mario Ocana
|
0-0: Ground out 4-3 (Groundball, 4, EV 80.6 MPH)
|
|
Batting: SHB Wayne Hattan
|
0-0: Foul Ball, location: 2F 0-1: Ball 1-1: Swinging Strike 1-2: Ball 2-2: Strikes out swinging, 2-3 out at first.
|
|
Batting: RHB Alex Zamora
|
0-0: Called Strike 0-1: Ball 1-1: Swinging Strike 1-2: Ball 2-2: Strikes out looking
|
| Bottom of the 3rd over - 0 runs, 0 hits, 0 errors, 0 left on base; New Hampshire 0 - Montgomery 1 |
| TOP OF THE 4TH |
|
New Hampshire Fisher Cats batting - Pitching for Montgomery Biscuits : RHP Greg Spaulding
|
|
Batting: RHB Chris Pounds
|
0-0: Called Strike 0-1: Ball 1-1: Foul Ball, location: 2F 1-2: Ball 2-2: Ball 3-2: Foul Ball, location: 2F 3-2: Foul Ball, location: 2F 3-2: Foul Ball, location: 2F 3-2: Reached on error, E4 (Groundball, 4, EV 80.6 MPH)
|
|
Batting: LHB Gabe Pace
|
0-0: Ball 1-0: Ball 2-0: Foul Ball, location: 2F 2-1: Foul Ball, location: 2F 2-2: Strikes out swinging
|
|
Batting: SHB Bryan Johnston
|
0-0: Called Strike 0-1: Ground out 4-3 (Groundball, 4, EV 81.9 MPH) Chris Pounds to third
|
|
Batting: RHB Chris Martin
|
0-0: Called Strike 0-1: SINGLE (Groundball, 56D, EV 100.0 MPH) Chris Pounds scores
|
|
Batting: RHB Marcos Villalobos
|
0-0: Ball 1-0: Called Strike 1-1: Ball 2-1: Ball 3-1: Ground out 4-3 (Groundball, 4S, EV 79.4 MPH)
|
| Top of the 4th over - 1 run, 1 hit, 1 error, 1 left on base; New Hampshire 1 - Montgomery 1 |
| BOTTOM OF THE 4TH |
|
Montgomery Biscuits batting - Pitching for New Hampshire Fisher Cats : RHP Robby Granados
|
|
Batting: RHB Dan Marks
|
0-0: Ball 1-0: Foul Ball, location: 2F 1-1: Ground out 5-3 (Groundball, 5, EV 78.1 MPH)
|
|
Batting: RHB Dave Galloway
|
0-0: Called Strike 0-1: Ball 1-1: SINGLE (Groundball, 56D, EV 98.8 MPH)
|
|
Batting: RHB Khalil Walker
|
0-0: Ball 1-0: Foul Ball, location: 2F 1-1: Ball 2-1: Fly out, F9 (Flyball, 89S, EV 88.8 MPH)
|
|
Batting: RHB Isaiah Easter
|
0-0: SINGLE (Groundball, 5D, EV 100.6 MPH) Dave Galloway to second
|
|
Batting: LHB Alex Genao
|
0-0: Called Strike 0-1: Called Strike 0-2: Foul Ball, location: 2F 0-2: Ball 1-2: Ball 2-2: Ball 3-2: Strikes out looking
|
| Bottom of the 4th over - 0 runs, 2 hits, 0 errors, 2 left on base; New Hampshire 1 - Montgomery 1 |
| TOP OF THE 5TH |
|
New Hampshire Fisher Cats batting - Pitching for Montgomery Biscuits : RHP Greg Spaulding
|
|
Batting: LHB Kurt Estep
|
0-0: Ball 1-0: Foul Ball, location: 2F 1-1: SINGLE (Groundball, 4D, EV 105.0 MPH)
|
|
Batting: RHB Justin Powell
|
0-0: Called Strike 0-1: Ball 1-1: Ball Kurt Estep steals 2nd base (no throw) 2-1: Foul Ball, location: 2F 2-2: Ball 3-2: Base on Balls
|
|
Batting: RHB Tokuji Kawabata
|
0-0: Ball 1-0: Foul Ball, location: 2F 1-1: Ball 2-1: Foul Ball, location: 2F 2-2: Ball 3-2: Grounds into double play, 5-4-3 (Groundball, 56, EV 83.8 MPH) Kurt Estep to third
|
|
Batting: RHB Stephen Casteel
|
0-0: Ball 1-0: Called Strike 1-1: Called Strike 1-2: Ground out 6-3 (Groundball, 6, EV 90.0 MPH)
|
| Top of the 5th over - 0 runs, 1 hit, 0 errors, 1 left on base; New Hampshire 1 - Montgomery 1 |
| BOTTOM OF THE 5TH |
|
Montgomery Biscuits batting - Pitching for New Hampshire Fisher Cats : RHP Robby Granados
|
|
Batting: RHB Adam Turpin
|
0-0: Ball 1-0: Ball 2-0: Called Strike 2-1: Foul Ball, location: 2F 2-2: Strikes out swinging
|
|
Batting: LHB Mario Ocana
|
0-0: Called Strike 0-1: Called Strike 0-2: SINGLE (Groundball, 25, EV 70.6 MPH) (infield hit)
|
|
Pinch Runner at 1st Jason Penfield:
|
|
|
Batting: SHB Wayne Hattan
|
0-0: Foul Ball, location: 2F 0-1: Ball 1-1: Ball 2-1: Fly out, F6 (Popup, 6, EV 70.6 MPH)
|
|
Batting: RHB Alex Zamora
|
0-0: Ball Wild Pitch! Jason Penfield to second 1-0: Ball 2-0: Swinging Strike 2-1: Swinging Strike 2-2: Strikes out swinging
|
| Bottom of the 5th over - 0 runs, 1 hit, 0 errors, 1 left on base; New Hampshire 1 - Montgomery 1 |
| TOP OF THE 6TH |
|
New Hampshire Fisher Cats batting - Pitching for Montgomery Biscuits : RHP Greg Spaulding
|
|
Now at 3B: Jason Penfield
|
|
|
Batting: RHB Chris Pounds
|
0-0: Foul Ball, location: 2F 0-1: Foul Ball, location: 2F 0-2: Ground out U3 (Groundball, 3, EV 86.9 MPH)
|
|
Batting: LHB Gabe Pace
|
0-0: Ball 1-0: Foul Ball, location: 2F 1-1: SOLO HOME RUN (Flyball, 7LD, EV 93.1 MPH), Distance : 343 ft
|
|
Batting: SHB Bryan Johnston
|
0-0: Called Strike 0-1: Called Strike 0-2: Ground out 6-3 (Groundball, 56, EV 82.5 MPH)
|
|
Batting: RHB Chris Martin
|
0-0: Ball 1-0: Ground out 6-3 (Groundball, 6, EV 93.8 MPH)
|
| Top of the 6th over - 1 run, 1 hit, 0 errors, 0 left on base; New Hampshire 2 - Montgomery 1 |
| BOTTOM OF THE 6TH |
|
Montgomery Biscuits batting - Pitching for New Hampshire Fisher Cats : RHP Robby Granados
|
|
Batting: RHB Dan Marks
|
0-0: Ball 1-0: Ground out 6-3 (Groundball, 56, EV 84.4 MPH)
|
|
Batting: RHB Dave Galloway
|
0-0: Ground out 6-3 (Groundball, P, EV 81.2 MPH)
|
|
Batting: RHB Khalil Walker
|
0-0: Ball 1-0: Foul Ball, location: 2F 1-1: Called Strike 1-2: Ball 2-2: Ground out 6-3 (Groundball, 6, EV 90.6 MPH)
|
| Bottom of the 6th over - 0 runs, 0 hits, 0 errors, 0 left on base; New Hampshire 2 - Montgomery 1 |
| TOP OF THE 7TH |
|
New Hampshire Fisher Cats batting - Pitching for Montgomery Biscuits : RHP Greg Spaulding
|
|
Batting: RHB Marcos Villalobos
|
0-0: Called Strike 0-1: Fly out, F9 (Flyball, 89S, EV 96.2 MPH)
|
|
Batting: LHB Kurt Estep
|
0-0: Called Strike 0-1: SINGLE (Groundball, 34D, EV 105.6 MPH)
|
|
Batting: RHB Justin Powell
|
0-0: Ball Kurt Estep is caught stealing 2nd base 2-4 1-0: Ball 2-0: Called Strike 2-1: Ball 3-1: Called Strike 3-2: SINGLE (Groundball, 25, EV 65.0 MPH) (infield hit)
|
|
Pitching: RHP Jaime Astacio
|
|
|
Batting: RHB Tokuji Kawabata
|
0-0: Ball Justin Powell steals 2nd base 1-0: Swinging Strike 1-1: Foul Ball, location: 2F 1-2: Strikes out looking
|
| Top of the 7th over - 0 runs, 2 hits, 0 errors, 1 left on base; New Hampshire 2 - Montgomery 1 |
| BOTTOM OF THE 7TH |
|
Montgomery Biscuits batting - Pitching for New Hampshire Fisher Cats : RHP Robby Granados
|
|
Now at 1B: Chris Martin
|
|
|
Now at 2B: Kirk Seiffert
|
|
|
Batting: RHB Isaiah Easter
|
0-0: Ball 1-0: Called Strike 1-1: Ball 2-1: Foul Ball, location: 2F 2-2: Ball 3-2: Fly out, F8 (Flyball, 8RM, EV 83.8 MPH)
|
|
Batting: LHB Alex Genao
|
0-0: Ball 1-0: Ball 2-0: Swinging Strike 2-1: Ground out 4-3 (Groundball, 4, EV 81.2 MPH)
|
|
Batting: RHB Adam Turpin
|
0-0: Ball 1-0: Called Strike 1-1: Ball 2-1: Ball 3-1: Ground out 5-3 (Groundball, 56, EV 89.4 MPH)
|
| Bottom of the 7th over - 0 runs, 0 hits, 0 errors, 0 left on base; New Hampshire 2 - Montgomery 1 |
| TOP OF THE 8TH |
|
New Hampshire Fisher Cats batting - Pitching for Montgomery Biscuits : RHP Jaime Astacio
|
|
Batting: RHB Kirk Seiffert
|
0-0: Ball 1-0: Ball 2-0: Ground out 6-3 (Groundball, 6, EV 97.5 MPH)
|
|
Batting: RHB Chris Pounds
|
0-0: Fly out, F9 (Flyball, 89S, EV 92.5 MPH)
|
|
Batting: LHB Gabe Pace
|
0-0: Called Strike 0-1: Ground out 4-3 (Groundball, 4, EV 86.9 MPH)
|
| Top of the 8th over - 0 runs, 0 hits, 0 errors, 0 left on base; New Hampshire 2 - Montgomery 1 |
| BOTTOM OF THE 8TH |
|
Montgomery Biscuits batting - Pitching for New Hampshire Fisher Cats : RHP Robby Granados
|
|
Pitching: LHP Mitchel Larson
|
|
|
Batting: RHB Jason Penfield
|
0-0: Ball 1-0: Called Strike 1-1: Foul Ball, location: 2F 1-2: Ball 2-2: Foul Ball, location: 2F 2-2: Foul Ball, location: 2F 2-2: Strikes out looking
|
|
Batting: SHB Wayne Hattan
|
0-0: Ball 1-0: Foul Ball, location: 2F 1-1: Foul Ball, location: 2F 1-2: Ball 2-2: SINGLE (Groundball, 56D, EV 98.1 MPH)
|
|
Batting: RHB Alex Zamora
|
0-0: Called Strike 0-1: Swinging Strike 0-2: Grounds into double play, U3-6 (Groundball, 3L, EV 101.9 MPH)
|
| Bottom of the 8th over - 0 runs, 1 hit, 0 errors, 0 left on base; New Hampshire 2 - Montgomery 1 |
| TOP OF THE 9TH |
|
New Hampshire Fisher Cats batting - Pitching for Montgomery Biscuits : RHP Jaime Astacio
|
|
Batting: SHB Bryan Johnston
|
0-0: Ball 1-0: Ball 2-0: Foul Ball, location: 2F 2-1: Ball 3-1: Foul Ball, location: 2F 3-2: Base on Balls
|
|
Batting: RHB Chris Martin
|
0-0: Ball Bryan Johnston steals 2nd base (no throw) 1-0: Swinging Strike 1-1: Foul Ball, location: 2F 1-2: Foul Ball, location: 2F 1-2: Foul Ball, location: 2F 1-2: Foul Ball, location: 2F 1-2: Ground out 6-3 (Groundball, 6, EV 86.9 MPH) Bryan Johnston to third
|
|
Batting: RHB Marcos Villalobos
|
0-0: Ball 1-0: Ball 2-0: Foul Ball, location: 2F 2-1: Foul Ball, location: 2F 2-2: Fly out, F8 (Flyball, 8RM, EV 90.6 MPH)
|
|
Batting: LHB Kurt Estep
|
0-0: Ground out 6-3 (Groundball, 6S, EV 83.1 MPH)
|
| Top of the 9th over - 0 runs, 0 hits, 0 errors, 1 left on base; New Hampshire 2 - Montgomery 1 |
| BOTTOM OF THE 9TH |
|
Montgomery Biscuits batting - Pitching for New Hampshire Fisher Cats : LHP Mitchel Larson
|
|
Pitching: LHP Bryan Reynolds
|
|
|
Batting: RHB Dan Marks
|
0-0: Called Strike 0-1: Ball 1-1: Swinging Strike 1-2: Ball 2-2: Strikes out swinging
|
|
Batting: RHB Dave Galloway
|
0-0: Ball 1-0: Fly out, F7 (Flyball, 7S, EV 93.1 MPH)
|
|
Batting: RHB Khalil Walker
|
0-0: Called Strike 0-1: Called Strike 0-2: SINGLE (Groundball, 25, EV 66.2 MPH) (infield hit)
|
|
Batting: RHB Isaiah Easter
|
0-0: Ball 1-0: Called Strike 1-1: Fielders Choice at 2nd, 6-4 (Groundball, 6, EV 85.0 MPH)
|
| Bottom of the 9th over - 0 runs, 1 hit, 0 errors, 1 left on base; New Hampshire 2 - Montgomery 1 |
|